 Dungeon Crawl Stone Soup version 0.18.1-48-g4cf74bf (webtiles) character file.

1453 RepoMan the Covert (level 8, -1/36 HPs)
             Began as a Felid Monk on Aug 16, 2016.
             Was a High Priest of Jiyva.
             Slain by a troll (18 damage)
             ... on level 9 of the Dungeon.
             The game lasted 01:09:39 (9771 turns).

RepoMan the Covert (Felid Monk)                     Turns: 9771, Time: 01:09:39

Health: -1/36      AC:  2    Str:  9    XL:     8   Next: 47%
Magic:  9/9        EV: 26    Int: 12    God:    Jiyva [*****.]
Gold:   146        SH:  4    Dex: 20    Spells: 0 memorised, 7 levels left
                                        Lives:  0   Deaths: 2

rFire  . . .     SeeInvis +       - Unarmed
rCold  . . .     Gourm    .     (armour unavailable)
rNeg   + . .     Faith    .     (shield unavailable)
rPois  .         Spirit   .     (helmet unavailable)
rElec  .         Dismiss  .     (cloak unavailable)
rCorr  +         Reflect  +     (gloves unavailable)
SustAt +         Harm     .     (boots unavailable)
MR     +....                    w - +4 amulet of reflection
Stlth  ++++++....               p - ring of sustain attributes
                                t - ring of positive energy

@: quick, somewhat resistant to hostile enchantments, very stealthy
A: no armour, no weapons or thrown items, claws 1, fangs 3, see invisible,
carnivore 3, clever 1, speed 1, shaggy fur 2, slow metabolism 1, wild magic 2,
sharp paws
a: Request Jelly, Jelly Paralyse, Slimify, Cure Bad Mutation, Renounce Religion


You were on level 9 of the Dungeon.
You worshipped Jiyva.
Jiyva was extremely pleased with you.
You were completely stuffed.

You visited 2 branches of the dungeon, and saw 10 of its levels.
You also visited: Ossuary.

You collected 146 gold pieces.

Inventory:

Jewellery
 l - an uncursed ring of ice
 p - a ring of sustain attributes (right paw)
 s - an uncursed ring of fire
 t - a ring of positive energy (left paw)
 w - a +4 amulet of reflection (around neck)
Wands
 j - a wand of confusion (0/48)
 v - a wand of slowing (5/48)
 y - a wand of enslavement (0/24)
Scrolls
 b - a scroll of recharging {unknown}
 c - 3 scrolls of magic mapping
 g - 2 scrolls of remove curse
 h - a scroll of identify
 i - a scroll of enchant weapon {unknown}
 n - a scroll of blinking {unknown}
 o - 3 scrolls of enchant armour {unknown}
 u - a scroll of random uselessness {unknown}
 x - a scroll of noise {unknown}
Potions
 e - 6 potions of brilliance
 f - a potion of magic {unknown}
 m - a potion of flight
 q - 2 potions of lignification {unknown}
 r - a potion of resistance {unknown}
 z - a potion of berserk rage {unknown}
 A - 2 potions of heal wounds {unknown}
 B - a potion of might {unknown}
 C - 2 potions of haste {unknown}
Miscellaneous
 k - a plain deck of changes {drawn: 4}
Comestibles
 a - 3 meat rations
 d - 2 beef jerkies


   Skills:
 + Level 4.6 Fighting
 + Level 8.6 Dodging
 * Level 11.3 Stealth
 + Level 6.8 Unarmed Combat


You had 7 spell levels left.
You didn't know any spells.

Dungeon Overview and Level Annotations

Branches:
Dungeon (9/15)             Temple (1/1) D:4
   Lair: D:8-11         Orc: D:9-12

Altars:
Ashenzari
Cheibriados
Dithmenos
Elyvilon
Fedhas
Gozag
Kikubaaqudgha
Makhleb
Nemelex Xobeh
Okawaru
Pakellas
Qazlal
Ru
Sif Muna
Trog
Vehumet
Xom
Yredelemnul
Zin
The Shining One
Jiyva

Shops:
D:5 *

Annotations:
D:3 Pikel
D:9 1 runed door


Innate Abilities, Weirdness & Mutations

You cannot wear armour.
You are incapable of wielding weapons or throwing items.
You have sharp claws.
You have razor-sharp teeth.
You have supernaturally acute eyesight.
You are carnivorous and can eat meat at any time.
You cover ground quickly.
You are covered in thick fur (AC +2).
You have a slow metabolism.
Your sharp claws are effective at attacking unaware monsters.
Your mind is acute. (Int +2)
Your spells are harder to cast, but more powerful.


Message History

You hear a distant slurping noise.
You feel a little less hungry.
You feel better.
You pounce on the helpless troll from behind!
You mangle the troll!!
The troll is heavily wounded.
You scratch the troll.
The troll is severely wounded.
The troll completely misses you. The troll misses you. The troll claws you!
You claw the troll!
The troll is almost dead.
The troll bites the troll!
The troll claws the troll! x2
The troll shouts!
Unknown command.
Unknown command.
You scratch the troll.
The troll is almost dead.
The troll completely misses you. The troll claws you.
The troll completely misses you. The troll bites you!!
Ouch! That really hurt!
You die...

....≈ #..#≈.......######..#..
....≈≈#'##≈.......#....'..#..
...T≈≈≈.≈≈≈.......#....#T.#..
............T..#..#....#.†#..
....≈≈≈.≈≈≈....#..#....#..'..
....≈##+#≈≈....#..#....####..
....≈ #≈≈............# #..
.... #≈≈.T..........# #..
.... ####≈≈.@T.#+##....# #..
... ≈≈≈≈≈≈.......#....# #..
≈≈≈≈≈≈.......#....# #..
≈≈≈≈≈≈....####....+ ..
≈≈≈≈≈≈)...# F....#
≈≈≈≈≈≈....# ....# ≈≈≈≈≈≈....#
≈≈≈≈≈.....# ≈≈≈≈≈.....#


You could see an iron troll and 2 trolls.

Vanquished Creatures
  A deep troll (D:9)
  Edmund (D:6)
  A slave (D:4)
  2 phantoms
  An ice beast (D:5)
  An ogre (D:9)
  A crocodile (D:9)
  2 centaurs (D:7)
  A wyvern skeleton (D:8)
  A wight (D:8)
  A howler monkey (D:6)
  A crimson imp (D:6)
  A centaur zombie (D:5)
  An orc wizard (D:6)
  3 orc priests
  Crazy Yiuf (D:6)
  A hound (D:6)
  2 iguanas (D:7)
  A centaur skeleton (D:6)
  Ijyb (D:2)
  6 worker ants
  A worker ant zombie (D:9)
  A howler monkey zombie (D:5)
  8 adders
  An ooze (D:2)
  3 worms
  2 dart slugs
  4 giant geckos
  19 orcs
  5 ball pythons
  5 giant cockroaches
  9 goblins
  15 hobgoblins
  4 jackals
  2 quokkas
  7 bats
  A giant gecko skeleton (D:9)
  4 giant newts
  4 hobgoblin zombies (Ossuary)
  6 kobolds
  10 kobold zombies (Ossuary)
  6 orc zombies (Ossuary)
  5 rats
  2 bushes (D:2)
155 creatures vanquished.

Vanquished Creatures (collateral kills)
  A slave (D:4)
1 creature vanquished.

Vanquished Creatures (others)
  Eustachio (D:5)
  A sky beast (D:6)
  A slave (D:4)
  A necrophage (D:9)
  A phantom (D:5)
  A centaur (D:6)
  A scorpion (D:8)
  A water moccasin skeleton (D:8)
  2 wights (D:8)
  A crimson imp (D:8)
  18 jellies
  An iguana (D:8)
  2 worker ants
  A gnoll (D:4)
  An adder (D:9)
  2 shadow imps
  An adder skeleton (D:6)
  2 giant geckos (D:8)
  An orc (D:5)
  A ball python (D:6)
  3 jackals
44 creatures vanquished.

Grand Total: 200 creatures vanquished

Notes
Turn   | Place    | Note
--------------------------------------------------------------
     0 | D:1      | RepoMan the Felid Monk began the quest for the Orb.
     0 | D:1      | Reached XP level 1. HP: 10/10 MP: 2/2
   110 | D:1      | Reached skill level 3 in Stealth
   446 | D:1      | Reached XP level 2. HP: 7/14 MP: 3/3
   878 | D:1      | Reached skill level 4 in Stealth
   879 | D:1      | Reached XP level 3. HP: 17/17 MP: 4/4
  1318 | D:2      | Found an iron altar of Okawaru.
  1466 | D:2      | Found a sparkling altar of Nemelex Xobeh.
  1577 | D:2      | Noticed Ijyb
  1594 | D:2      | Killed Ijyb
  1594 | D:2      | Reached XP level 4. HP: 21/21 MP: 5/5
  1632 | D:2      | Found a faded altar to an unknown god.
  1754 | D:2      | Reached skill level 5 in Stealth
  1810 | D:2      | Found a shadowy altar of Dithmenos.
  1946 | D:2      | Noticed Kool
  1949 | D:2      | Slain by Kool the merfolk
  1950 | D:2      | Reached XP level 3. HP: -1/17 MP: 4/4
  2278 | D:3      | Reached skill level 5 in Dodging
  2278 | D:3      | Reached XP level 4. HP: 18/21 MP: 5/5
  2409 | D:3      | Found a bloodstained altar of Trog.
  2413 | D:3      | Found a shimmering altar of Xom.
  2502 | D:3      | Found a snail-covered altar of Cheibriados.
  3057 | D:4      | Found a sand-covered staircase.
  3063 | Ossuary  | Entered an ossuary
  3451 | D:4      | Noticed an orc warrior
  3650 | D:4      | Noticed a slave
  3656 | D:4      | Noticed a slave
  3657 | D:4      | Noticed Pikel
  3657 | D:4      | Noticed a slave
  3659 | D:4      | Noticed a slave
  3687 | D:4      | Killed a slave
  3866 | D:4      | Reached skill level 6 in Stealth
  3866 | D:4      | Reached XP level 5. HP: 14/24 MP: 6/6
  4541 | D:4      | Found a staircase to the Ecumenical Temple.
  4549 | Temple   | Entered the Ecumenical Temple
  4616 | Temple   | Became a worshipper of Jiyva Joot the Shapeless
  4616 | Temple   | Reached * piety under Jiyva
  4616 | Temple   | Reached ** piety under Jiyva
  5534 | D:4      | Reached skill level 5 in Unarmed Combat
  5615 | D:4      | Reached *** piety under Jiyva
  5623 | D:4      | Killed a slave
  5750 | D:5      | Entered Level 5 of the Dungeon
  5750 | D:5      | Found Dicasaga's Elemental Accessories.
  5807 | D:5      | Noticed an ice beast
  5866 | D:5      | Killed an ice beast
  5866 | D:5      | Reached skill level 7 in Stealth
  5866 | D:5      | Gained mutation: You are covered in thick fur (AC +2). [Felid growth]
  5866 | D:5      | Reached XP level 6. HP: 13/28 MP: 7/7
  6020 | D:5      | Killed Eustachio
  6640 | D:6      | Found an oddly glowing altar of Pakellas.
  6658 | D:6      | Reached skill level 8 in Stealth
  6661 | D:6      | Reached XP level 7. HP: 31/31 MP: 8/8
  6806 | D:6      | Reached **** piety under Jiyva
  6839 | D:6      | Gained mutation: Your mind is acute. (Int +2) [Jiyva's grace]
  7269 | D:6      | Gained mutation: Your spells are a little harder to cast, but a little more powerful. [Jiyva's grace]
  7292 | D:6      | Noticed Crazy Yiuf
  7298 | D:6      | Killed Crazy Yiuf
  7350 | D:6      | Found a blossoming altar of Fedhas.
  7350 | D:6      | Found an ancient bone altar of Kikubaaqudgha.
  7365 | D:6      | Noticed Edmund
  7427 | D:6      | Killed Edmund
  7427 | D:6      | Reached skill level 9 in Stealth
  7461 | D:6      | Reached ***** piety under Jiyva
  7529 | D:6      | Found an opulent altar of Gozag.
  7530 | D:6      | Found a glowing silver altar of Zin.
  7748 | D:7      | Found a shadowy altar of Dithmenos.
  7781 | D:7      | Found a radiant altar of Vehumet.
  8082 | D:7      | Noticed a spriggan baker
  8672 | D:8      | Reached XP level 8. HP: 34/34 MP: 9/9
  8682 | D:8      | HP: 1/34 [wight/enchanted halberd (16)]
  8684 | D:8      | Slain by a wight
  8685 | D:8      | Reached XP level 7. HP: -5/31 MP: 8/8
  8752 | D:8      | Gained mutation: Your spells are harder to cast, but more powerful. [Jiyva's grace]
  8872 | D:8      | Found an oddly glowing altar of Pakellas.
  8910 | D:8      | Found a sacrificial altar of Ru.
  9059 | D:8      | Reached skill level 10 in Stealth
  9667 | D:9      | Found a runed door.
  9671 | D:9      | Found a runed door.
  9677 | D:9      | Noticed a troll
  9677 | D:9      | Noticed an iron troll
  9677 | D:9      | Noticed a troll
  9677 | D:9      | Noticed a deep troll
  9679 | D:9      | Killed a deep troll
  9679 | D:9      | Reached skill level 11 in Stealth
  9679 | D:9      | Reached XP level 8. HP: 36/36 MP: 9/9
  9771 | D:9      | Slain by a troll

Skill      XL: |  1  2  3  4  5  6  7 |
---------------+----------------------+-----
Stealth        | 3 4 6 7 8 11 | 11.3
Dodging        | 5 6 8 |  8.6
Unarmed Combat | 5 6 |  6.8
Fighting       | 4 |  4.6

Action                   |  1- 3 |  4- 6 |  7- 9 || total
-------------------------+-------+-------+-------++-------
Melee: Unarmed           |   110 |   320 |   115 ||   545
       Bite              |     7 |    46 |    10 ||    63
       Punch             |     2 |     4 |     7 ||    13
Invok: Request Jelly     |       |     2 |       ||     2
Evoke: Deck              |     2 |     2 |       ||     4
       Wand              |       |     7 |     9 ||    16
  Use: Scroll            |       |     5 |     2 ||     7
       Potion            |       |     2 |     1 ||     3
 Stab: Sleeping          |    18 |    22 |    14 ||    54
       Distracted        |       |     2 |     1 ||     3
       Confused          |       |       |     1 ||     1
  Eat: Chunk             |    14 |     7 |     2 ||    23
Armor: Skin              |     4 |     8 |     1 ||    13
Dodge: Dodged            |    52 |   143 |    83 ||   278
Block: Other             |       |    16 |    13 ||    29
       Reflection        |       |       |     2 ||     2
